 Dungeon Crawl Stone Soup version 0.28.0-53-g5a82cb258f (webtiles) character file.

Game seed: 13736012964503795777

251 pkoi the Conjurer (level 5, -1/38 HPs)
             Began as a Demigod Conjurer on May 20, 2022.
             Slain by Ijyb
             ... wielding a +7 club
              (5 damage)
             ... on level 3 of the Dungeon.
             The game lasted 00:02:59 (3858 turns).

pkoi the Conjurer (Demigod Conjurer)                Turns: 3858, Time: 00:02:59

Health: -1/38      AC:  2    Str:  8    XL:     5   Next: 57%
Magic:  3/12       EV: 12    Int: 24    God:
Gold:   113        SH:  0    Dex: 12    Spells: 2/9 levels left

rFire   . . .      SeeInvis .   e - +0 quarterstaff
rCold   . . .      Faith    .   (shield currently unavailable)
rNeg    . . .      Spirit   .   a - +0 robe
rPois   .          Reflect  .   (no helmet)
rElec   .          Harm     .   (no cloak)
rCorr   .          Rampage  .   (no gloves)
Will    .....                   (no boots)
Stlth   +.........              (no amulet)
HPRegen 0.12/turn               (no ring)
MPRegen 0.13/turn               (no ring)

@: very slow
A: high MP 1, forlorn, divine attributes
a: no special abilities


You were on level 3 of the Dungeon.
You visited 1 branch of the dungeon, and saw 3 of its levels.

You collected 113 gold pieces.

Inventory:

Hand Weapons
 e - a +0 quarterstaff (weapon)
 f - a +0 whip
Missiles
 c - 6 poisoned darts
Armour
 a - a +0 robe (worn)
Scrolls
 b - a scroll of blinking {unknown}
 d - 3 scrolls of identify {unknown}
 g - 2 scrolls of silence {unknown}
 l - a scroll of magic mapping {unknown}
Potions
 h - a potion of magic {unknown}
 i - 2 potions of curing {unknown}
 j - a potion of haste {unknown}
 k - 2 potions of heal wounds {unknown}
 m - a potion of invisibility {unknown}


   Skills:
 - Level 1.7 Dodging
 - Level 1.7 Stealth
 + Level 2.7 Spellcasting
 * Level 5.9 Conjurations
 + Level 1.0 Translocations


You had 2 spell levels left.
You knew the following spells:

 Your Spells              Type           Power      Damage    Failure   Level
a - Magic Dart            Conj           100%       1d8       1%          1
b - Searing Ray           Conj           64%        2d6       1%          2
c - Iskenderun's Mystic   Conj/Tloc      20%        2d6       26%         4

Your spell library contained the following spells:

 Spells                   Type           Power      Damage    Failure   Level
 Blink                    Tloc           16%        N/A       11%         2
 Dazzling Flash           Conj/Hex       34%        N/A       10%         3
 Iskenderun's Battlesphe  Conj           32%        2d8       26%         5
 Fulminant Prism          Conj/Hex       8%         3d7       32%         4
 Fireball                 Conj/Fire      8%         3d6       65%         5
 Manifold Assault         Tloc           8%         N/A       90%         5
 Conjure Ball Lightning   Conj/Air       8%         3x3d6     99%         6
 Orb of Destruction       Conj           16%        9d7       100%        7
 Storm Form               Tmut/Air       1%         N/A       100%        7


Dungeon Overview and Level Annotations

Branches:
Dungeon (3/15)

Annotations:
D:3 Ijyb


Innate Abilities, Weirdness & Mutations

You have an increased reservoir of magic. (+10% MP)
You shall have no god before yourself.
Your divine heritage dramatically boosts your attributes as you level up.


Message History

Confirm with . or Enter, or press ? or * to list all spells.
Aiming: Searing Ray (safe; 1% risk of failure)
Press: ? - help, Shift-Dir - straight line, f - Ijyb
Aim: Ijyb, wielding a +7 club, wearing a +0 ring mail and carrying a wand of iceblast (13) (78% to hit)
The searing ray hits Ijyb.
Ijyb is lightly wounded. (Press . to maintain the ray.) Ijyb hits you with a +7 club!
* * * LOW HITPOINT WARNING * * *
The searing ray misses Ijyb.
Ijyb closely misses you.
Unknown command.
The searing ray hits Ijyb.
Ijyb is lightly wounded.
Ijyb barely misses you.
Unknown command.
The searing ray hits Ijyb but does no damage.
Ijyb is lightly wounded.
You finish channelling your searing ray.
Ijyb hits you with a +7 club!
* * * LOW HITPOINT WARNING * * *
Unknown command.
Casting: Searing Ray (safe; 1% risk of failure)
Confirm with . or Enter, or press ? or * to list all spells.
Aiming: Searing Ray (safe; 1% risk of failure)
Press: ? - help, Shift-Dir - straight line, f/p - Ijyb
Aim: Ijyb, wielding a +7 club, wearing a +0 ring mail and carrying a wand of iceblast (13) (lightly wounded, 78% to hit)
The searing ray hits Ijyb.
Ijyb is moderately wounded. (Press . to maintain the ray.) Ijyb hits you with a +7 club.
* * * LOW HITPOINT WARNING * * *
The searing ray hits Ijyb.
Ijyb is heavily wounded.
Ijyb hits you with a +7 club!
* * * LOW HITPOINT WARNING * * *
Unknown command.
The searing ray hits Ijyb.
Ijyb is severely wounded.
Ijyb hits you with a +7 club.
You die...

....###.. .... #.#
>..#.. .... ..#
#..####### #..
#.........
###.##.####..#######
...##.......# #
.....####.## #
##g#######.# #
#≈@≈#......# #
+≈≈≈'.###### #
#≈≈≈### # ##+## # #
## #. #. ##.


You could see Ijyb.

Vanquished Creatures
  An ogre (D:3)
  Natasha (thrice) (D:3)
  3 adders
  An adder skeleton (D:2)
  A worm (D:2)
  2 dart slugs (D:2)
  An orc (D:2)
  5 endoplasms
  2 giant cockroaches
  7 goblins
  6 hobgoblins
  5 jackals (D:2)
  A quokka (D:1)
  4 ball pythons
  7 bats
  3 frilled lizards
  5 kobolds
  8 rats
65 creatures vanquished.

Notes
Turn   | Place    | Note
-------+----------+-------------------------------------------
     0 | D:1      | pkoi the Demigod Conjurer began the quest for the Orb.
     0 | D:1      | Reached XP level 1. HP: 14/14 MP: 5/5
   281 | D:1      | Reached skill level 4 in Conjurations
   392 | D:1      | Reached XP level 2. HP: 20/20 MP: 1/7
  1067 | D:1      | Learned a level 2 spell: Searing Ray
  1346 | D:2      | Reached XP level 3. HP: 26/26 MP: 1/8
  2245 | D:2      | Reached skill level 5 in Conjurations
  2847 | D:3      | Reached XP level 4. HP: 33/33 MP: 4/9
  3006 | D:3      | Noticed an ogre
  3011 | D:3      | Killed an ogre
  3012 | D:3      | Reached XP level 5. HP: 14/38 MP: 2/11
  3414 | D:3      | Learned a level 4 spell: Iskenderun's Mystic Blast
  3527 | D:3      | Noticed Natasha
  3540 | D:3      | Killed Natasha
  3654 | D:3      | Noticed Natasha
  3714 | D:3      | Killed Natasha
  3722 | D:3      | Noticed Natasha
  3727 | D:3      | Killed Natasha
  3728 | D:3      | Reached skill level 1 in Translocations
  3851 | D:3      | Noticed Ijyb
  3858 | D:3      | Slain by Ijyb

Illustrated notes

Levels and vault maps discovered:
D:1:      mrwooster_arrival_statue_3, layout_loops_ring
D:2:      layout_loops_ring, basic_altar, kennysheep_doodads,
          ebering_dispersal_statue_hall
D:3:      layout_loops_ring, minmay_liquid_box, uniq_sigmund, uniq_ijyb,
          uniq_natasha

Skill      XL: |  1  2  3  4  5 |
---------------+----------------+-----
Conjurations   | 4 5 |  5.9
Spellcasting   | 2 |  2.7
Translocations | 1 |  1.0
Dodging        | |  1.7
Stealth        | |  1.7

Action                   |  1- 3 |  4- 6 || total
-------------------------+-------+-------++-------
Melee: Quarterstaff      |       |     2 ||     2
 Cast: Magic Dart        |   104 |    12 ||   116
       Searing Ray       |       |     7 ||     7
Armor: Robe              |     3 |     1 ||     4
Dodge: Dodged            |     7 |     4 ||    11
